 Dungeon Crawl Stone Soup version 0.28.0-53-g5a82cb258f (webtiles) character file.

Game seed: 14276687707048388413

9586 Stomo the Exorcist (level 11, -1/99 HPs)
             Began as a White Draconian Monk on July 13, 2022.
             Was an Elder of the Shining One.
             Slain by a centaur warrior
             ... wielding a +2 vorpal scimitar
              (2 damage)
             ... on level 9 of the Dungeon.
             The game lasted 00:19:36 (10275 turns).

Stomo the Exorcist (White Draconian Monk)          Turns: 10275, Time: 00:19:36

Health: -1/99      AC: 11    Str: 18    XL:     11   Next: 25%
Magic:  19/19      EV: 15    Int: 11    God:    the Shining One [****..]
Gold:   1182       SH:  0    Dex: 13    Spells: 10/10 levels left

rFire   + . .      SeeInvis .   j - +5 whip (protect)
rCold   + . .      Faith    .   (no shield)
rNeg    + + .      Spirit   .   (armour unavailable)
rPois   .          Reflect  .   (helmet restricted)
rElec   .          Harm     .   n - +2 cloak
rCorr   +          Rampage  .   (no gloves)
Will    .....                   u - +0 pair of boots
Stlth   +.........              q - amulet of regeneration
HPRegen 1.06/turn               g - ring of protection from fire
MPRegen 0.16/turn               v - ring of resist corrosion

@: short of breath, glowing
A: breathe frost, AC +7, unfitting armour, cold resistance 1, cold-blooded
a: Breathe Frost, Renounce Religion, Divine Shield, Cleansing Flame


You were on level 9 of the Dungeon.
You worshipped the Shining One.
The Shining One was greatly pleased with you.
You visited 1 branch of the dungeon, and saw 9 of its levels.

You collected 1182 gold pieces.

Inventory:

Hand Weapons
 a - a +0 mace
 e - a +0 flail
 f - a +0 whip
 j - a +5 whip of protection (weapon)
 w - a +1 whip of electrocution
Armour
 n - a +2 cloak (worn)
 t - a scarf of shadows
 u - a +0 pair of boots (worn)
Jewellery
 g - a ring of protection from fire (left hand)
 q - an amulet of regeneration (around neck)
 r - a ring of magical power
 v - a ring of resist corrosion (right hand)
 y - the ring of Qankifub {rF+ rN+++ rCorr Str-4 Dex-4}
   (You found it on level 7 of the Dungeon)

   [ring of resist corrosion]

   Str:       It affects your strength (-4).
   Dex:       It affects your dexterity (-4).
   rF:        It protects you from fire.
   rN:        It renders you almost immune to negative energy.
   rCorr:     It protects you from acid and corrosion.
 z - a ring of flight
 A - an amulet of reflection
Wands
 x - a wand of charming (11)
Scrolls
 b - 3 scrolls of identify
 p - 2 scrolls of teleportation
 s - a scroll of magic mapping
 D - a scroll of brand weapon
Potions
 c - 3 potions of curing
 d - a potion of ambrosia
 h - 2 potions of flight
 i - a potion of brilliance
 k - a potion of degeneration {unknown}
 l - a potion of mutation {unknown}
 m - a potion of berserk rage {unknown}
 o - 2 potions of might {unknown}
 B - a potion of invisibility {unknown}
 C - a potion of attraction {unknown}
 E - a potion of haste {unknown}


   Skills:
 + Level 9.6 Fighting
 + Level 8.8 Maces & Flails
 + Level 8.1 Dodging
 - Level 1.7 Stealth
 * Level 11.5 Invocations


You had 10 spell levels left.
You didn't know any spells.
Your spell library contained the following spells:

 Spells                   Type           Power      Damage    Failure   Level
 Magic Dart               Conj           0%         1d3       34%         1
 Blink                    Tloc           0%         N/A       47%         2
 Searing Ray              Conj           0%         2d4       47%         2
 Static Discharge         Conj/Air       0%         N/A       47%         2
 Lesser Beckoning         Tloc           0%         N/A       71%         3
 Dispel Undead            Necr           0%         3d6       98%         4
 Fulminant Prism          Conj/Hex       0%         3d6       98%         4
 Sticky Flame             Conj/Fire      0%         2d3       98%         4
 Fireball                 Conj/Fire      0%         3d3       100%        5
 Iskenderun's Battlesphe  Conj           0%         2d6       100%        5
 Manifold Assault         Tloc           0%         N/A       100%        5
 Conjure Ball Lightning   Conj/Air       0%         3x3d6     100%        6
 Orb of Destruction       Conj           0%         9d5       100%        7


Dungeon Overview and Level Annotations

Branches:
Dungeon (9/15)             Temple (0/1) D:6
   Lair: D:8-11         Orc: D:9-12

Altars:
Ashenzari
Cheibriados
Elyvilon
Gozag
Hepliaklqana
Ru
Trog
The Shining One

Shops:
D:4 ?

Annotations:
D:4 1 runed translucent door, Crazy Yiuf
D:9 1 runed translucent door


Innate Abilities, Weirdness & Mutations

You can breathe waves of freezing cold which knock back foes.
Your icy white scales are hard. (AC +7)
You cannot fit into any form of body armour.
Your flesh is cold resistant. (rC+)
You are cold-blooded and may be slowed by cold attacks.


Message History

Unknown command.
You are confused.
You feel invigorated. The centaur warrior barely misses you.
The centaur warrior misses you.
Unknown command.
You bump into the rock wall.
The centaur warrior hits you but does no damage.
The centaur warrior completely misses you. x2
The centaur warrior kicks you but does no damage.
You're too confused to move!
The centaur warrior closely misses you.
The centaur warrior kicks you but does no damage.
The boulder beetle curls into a ball and begins rolling!
Unknown command.
You barely miss the centaur warrior.
The centaur warrior is severely wounded.
The centaur warrior hits you with a +2 vorpal scimitar.
* * * LOW HITPOINT WARNING * * *
x2 The centaur warrior kicks you but does no damage.
Unknown command.
You bump into the rock wall.
The centaur warrior barely misses you.
The centaur warrior kicks you but does no damage.
The centaur warrior hits you with a +2 vorpal scimitar.
* * * LOW HITPOINT WARNING * * *
x2 The centaur warrior kicks you but does no damage.
Unknown command.
You bump into the rock wall.
The centaur warrior hits you with a +2 vorpal scimitar!
* * * LOW HITPOINT WARNING * * *
x2 The centaur warrior closely misses you.
Unknown command.
Unknown command.
You closely miss the centaur warrior.
You tail-slap the centaur warrior, but do no damage.
The centaur warrior is severely wounded.
You feel less invigorated.
You feel less confused.
The centaur warrior hits you with a +2 vorpal scimitar!
* * * LOW HITPOINT WARNING * * *
x2 The centaur warrior kicks you.
You die...

#..#○##.#!T."C#.#.#
#..#.#.#########..#
#..○...)))).......#
##.#####.#####.#.###
...#####.# #(#.#
#......#)# #.#.#
##.###...#####.#°#
#.°...........#B#
##.............c@#
#.################
.## ##


You could see a boulder beetle (rolling) and a centaur warrior.

Vanquished Creatures
  A two-headed ogre (D:9)
  Pikel (D:6)
  2 deep elf pyromancers (D:9)
  A cyclops (D:9)
  An ugly thing (D:7)
  A guardian serpent (shapeshifter) (D:9)
  2 hornets
  10 yaks
  A wyvern (D:8)
  A steam dragon (D:8)
  2 water moccasins
  3 orc warriors (D:9)
  2 ice beasts (D:6)
  A sky beast (D:6)
  3 black bears
  4 necrophages
  3 ogres
  3 centaurs
  A hornet zombie (D:5)
  A phantom (D:5)
  2 kobold brigands (D:8)
  3 bullfrogs
  A gnoll sergeant (D:6)
  4 scorpions
  5 killer bees (D:8)
  5 howler monkeys
  3 bullfrog zombies
  2 jellies (D:5)
  4 centaur zombies
  A centaur skeleton (D:7)
  2 orc priests (D:9)
  A gnoll shaman (D:9)
  3 hounds
  A bullfrog skeleton (D:6)
  2 iguanas
  Natasha (thrice) (D:2)
  8 orc wizards
  2 hound skeletons
  A howler monkey zombie (D:8)
  12 gnolls
  2 howler monkey skeletons (D:6)
  7 adders
  A white imp (D:6)
  An adder skeleton (D:4)
  2 worms
  21 orcs
  8 endoplasms
  3 giant cockroaches
  7 goblins
  8 hobgoblins
  13 kobolds
  7 quokkas
  7 ball pythons
  3 bats (D:1)
  5 frilled lizards
  A rat (D:1)
205 creatures vanquished.

Notes
Turn   | Place    | Note
-------+----------+-------------------------------------------
     0 | D:1      | Stomo the Draconian Monk began the quest for the Orb.
     0 | D:1      | Reached XP level 1. HP: 19/19 MP: 1/1
   220 | D:1      | Reached XP level 2. HP: 26/26 MP: 2/2
  1099 | D:2      | Reached XP level 3. HP: 30/33 MP: 3/3
  1221 | D:2      | Noticed Natasha
  1232 | D:2      | Killed Natasha
  1504 | D:2      | Reached XP level 4. HP: 37/40 MP: 4/4
  1580 | D:2      | Noticed Natasha
  1591 | D:2      | Killed Natasha
  1966 | D:2      | Found a faded altar of an unknown god.
  2054 | D:2      | Noticed Natasha
  2071 | D:2      | Killed Natasha
  2072 | D:2      | Reached XP level 5. HP: 21/47 MP: 5/5
  3446 | D:4      | Found a glowing golden altar of the Shining One.
  3452 | D:4      | Found an opulent altar of Gozag.
  3452 | D:4      | Found a hazy altar of Hepliaklqana.
  3481 | D:4      | Became a worshipper of the Shining One
  3481 | D:4      | Reached * piety under the Shining One
  3481 | D:4      | Reached ** piety under the Shining One
  3651 | D:4      | Noticed a necrophage
  3662 | D:4      | Killed a necrophage
  3663 | D:4      | Reached skill level 5 in Fighting
  3663 | D:4      | Reached skill level 1 in Invocations
  3663 | D:4      | Reached XP level 6. HP: 32/56 MP: 5/7
  3908 | D:4      | Reached skill level 2 in Invocations
  3971 | D:4      | Found a bloodstained altar of Trog.
  3971 | D:4      | Found a snail-covered altar of Cheibriados.
  4039 | D:4      | Your scales start taking on an icy white colour.
  4039 | D:4      | Reached XP level 7. HP: 48/61 MP: 7/9
  4039 | D:4      | Gained mutation: Your flesh is cold resistant. (rC+) [White
                  | Draconian growth]
  4172 | D:4      | Reached skill level 5 in Maces & Flails
  4172 | D:4      | Reached skill level 3 in Invocations
  4233 | D:4      | Found Yntuahis's Magic Scroll Emporium.
  4374 | D:4      | Found a runed translucent door.
  4375 | D:4      | Noticed Crazy Yiuf
  4634 | D:5      | Entered Level 5 of the Dungeon
  5149 | D:5      | Reached skill level 4 in Invocations
  5737 | D:5      | Reached skill level 5 in Dodging
  5811 | D:5      | Reached XP level 8. HP: 69/70 MP: 11/11
  5990 | D:5      | Identified the +1 helmet of an ossuary {rCorr Stlth+}
  6103 | D:5      | Reached skill level 5 in Invocations
  6615 | D:6      | Found a staircase to the Ecumenical Temple.
  6655 | D:6      | Reached *** piety under the Shining One
  6735 | D:6      | Reached skill level 6 in Invocations
  6823 | D:6      | Found a white marble altar of Elyvilon.
  7011 | D:6      | Reached XP level 9. HP: 79/79 MP: 14/14
  7070 | D:6      | Reached skill level 7 in Invocations
  7986 | D:7      | Reached skill level 8 in Invocations
  7997 | D:7      | Reached **** piety under the Shining One
  8264 | D:7      | Noticed Pikel
  8275 | D:7      | Noticed a purple ugly thing
  8321 | D:6      | Killed Pikel
  8322 | D:6      | Reached skill level 9 in Invocations
  8322 | D:6      | Reached XP level 10. HP: 73/89 MP: 16/16
  8356 | D:7      | Killed a purple ugly thing
  8439 | D:7      | Identified the ring of Qankifub {rF+ rN+++ rCorr Str-4
                  | Dex-4}
  8619 | D:8      | Identified a scroll of acquirement
  8619 | D:8      | Acquired 628 gold pieces
  8666 | D:8      | Reached skill level 10 in Invocations
  8746 | D:8      | Found a sacrificial altar of Ru.
  8843 | D:8      | Paralysed by a hornet for 2 turns
  9356 | D:8      | Found a broken altar of Ashenzari.
  9631 | D:9      | Paralysed by a hornet for 2 turns
  9953 | D:9      | Noticed a cyclops
 10020 | D:9      | Found a runed translucent door.
 10040 | D:9      | Noticed a deep elf pyromancer
 10040 | D:9      | Noticed a two-headed ogre
 10044 | D:9      | Noticed a cyclops
 10063 | D:9      | Killed a two-headed ogre
 10064 | D:9      | Reached skill level 11 in Invocations
 10064 | D:9      | Reached XP level 11. HP: 66/97 MP: 19/19
 10097 | D:9      | Killed a deep elf pyromancer
 10177 | D:9      | Noticed a boulder beetle
 10195 | D:9      | Identified the amulet "Daigoq" {rPois Regen+}
 10195 | D:9      | Noticed a deep elf pyromancer
 10213 | D:9      | Killed a deep elf pyromancer
 10249 | D:9      | Noticed a centaur warrior
 10275 | D:9      | HP: 4/99 [centaur warrior/+2 vorpal scimitar (12)]
 10275 | D:9      | HP: 1/99 [centaur warrior/+2 vorpal scimitar (3)]
 10275 | D:9      | Slain by a centaur warrior

Illustrated notes

Levels and vault maps discovered:
D:1:      mrwooster_arrival_arrow, layout_basic, minmay_strange_pillars,
          minmay_misc_feat_secret_circle
D:2:      layout_basic, hellmonk_ecumenical_altar_lost_god,
          minmay_misc_feat_chi, uniq_natasha
D:3:      layout_loops_corners
D:4:      layout_cave_pools, grunt_temple_overflow_open,
          gammafunk_temple_overflow_elements, serial_shops,
          nicolae_shop_statue_plus, hangedman_minor_gate_pass,
          uniq_crazy_yiuf_cottage
D:5:      layout_basic, minmay_misc_feat_x
D:6:      layout_basic, kennysheep_little_box, minmay_temple_entry_antechambers,
          minmay_quadrilaterals
D:7:      layout_cave_pools, uniq_pikel
D:8:      layout_basic, mainiacjoe_overflow_big_doors
D:9:      minmay_the_grid_triangle_9x9_rhombus_thin
          [minmay_the_grid_triangle_9x9_empty,
          minmay_the_grid_triangle_9x9_prize_schism,
          minmay_the_grid_triangle_9x9_subtriangle,
          minmay_the_grid_triangle_9x9_swiss_cheese], layout_loops_ring,
          dk_noncrumbling_4

Skill      XL: |  1  2  3  4  5  6  7  8  9 10 11 |
---------------+----------------------------------+-----
Dodging        | 3 4 5 6 7 8 |  8.1
Fighting       | 4 5 6 7 8 9 |  9.6
Maces & Flails | 4 5 6 7 8 |  8.8
Invocations    | 1 2 4 6 9 11 | 11.5
Stealth        | |  1.7

Action                   |  1- 3 |  4- 6 |  7- 9 | 10-12 || total
-------------------------+-------+-------+-------+-------++-------
Melee: Mace              |    79 |       |       |       ||    79
       Tailslap          |     9 |    13 |    86 |    75 ||   183
       Punch             |     1 |     2 |     5 |    10 ||    18
       Flail             |    23 |    81 |    85 |       ||   189
       Whip              |       |    46 |   330 |   344 ||   720
 Abil: Breathe Frost     |       |       |    22 |    22 ||    44
  Use: Scroll            |     1 |     2 |    10 |     4 ||    17
       Potion            |       |       |       |     1 ||     1
 Stab: Sleeping          |     3 |     1 |       |       ||     4
Armor: Skin              |    29 |    33 |   140 |   104 ||   306
Dodge: Dodged            |    77 |    69 |   250 |   214 ||   610
